AoeStats
← Nico57064

Arena

509467074Analyzed
1v1 RM · 5d ago on Sep 26, 2026· 60m 14s· 2 players
Game mode
Random Map
Map size
Tiny (2 player)
Population
200
Speed
Normal
Resources
Standard
Victory
Conquest
Starting age
Dark Age
Ending age
Imperial Age
RankedLock teamsTeams togetherTeam positionsShared explorationLock speedFull tech treeHidden civsTurbo modeCheats
Victory
Defeat
🇲🇽 Persians · Mexico
478
+16
🇦🇷 Persians · Argentina
488
-16
ivo bianchi
0:28 Loom
10:13 Feudal Age
10:47 Double-Bit Axe
19:04 Castle Age
17:14 Horse Collar
17:29 Gold Mining
27:03 Stone Mining
27:49 Gold Shaft Mining
29:37 Bow Saw
33:38 Imperial Age
32:20 Stone Shaft Mining
31:59 Scale Barding Armor
31:55 Padded Archer Armor
31:46 Fletching
32:07 Forging
32:30 Bloodlines
32:26 Husbandry
33:32 Kamandaran
33:48 Devotion
34:12 Block Printing
34:38 Theocracy
34:39 Heavy Plow
35:19 Wheelbarrow
34:58 Crossbowman
37:00 Ballistics
37:42 Elite War Elephant
39:38 Faith
42:21 Thumb Ring
42:47 Conscription
43:54 Two-Man Saw
44:52 Chain Barding Armor
45:08 Iron Casting
44:49 Leather Archer Armor
44:11 Pikeman
44:52 Squires
44:40 Arson
50:42 Chemistry
52:54 Plate Barding Armor
Nico57064
10:21 Feudal Age
14:29 Castle Age
13:49 Double-Bit Axe
18:48 Horse Collar
26:55 Fletching
27:47 Bow Saw
28:11 Heavy Plow
28:59 Bodkin Arrow
29:31 Ballistics
29:11 Murder Holes
32:47 Imperial Age
31:04 Guard Tower
31:27 Masonry
33:40 Citadels
35:19 Forging
35:16 Scale Barding Armor
36:00 Crop Rotation
36:34 Two-Man Saw
36:45 Chemistry
36:19 Conscription
40:28 Iron Casting
40:14 Chain Barding Armor
39:56 Scale Mail Armor
40:52 Wheelbarrow
40:50 Architecture
41:10 Bloodlines
41:00 Husbandry
40:29 Pikeman
41:11 Squires
40:57 Gambesons
40:57 Cavalier
41:28 Halberdier
43:36 Blast Furnace
43:13 Plate Barding Armor
43:22 Hoardings
43:55 Savar
44:28 Light Cavalry
48:04 Chain Mail Armor
52:56 Hand Cart
52:34 Loom
Connection lost

Rejoining the realm…

Still unreachable

The connection could not be restored.

Session expired

The server has moved on; the page needs a fresh start.